 Seeded DCSS version 0.28-a0-730-g892d06dc2c (webtiles) character file.

Game seed: 2021102469420 (custom seed)

44 muata the Insei (level 3, -3/26 HPs)
             Began as a Demonspawn Transmuter on Oct 24, 2021.
             Slain by a worm (9 damage)
             ... on level 2 of the Dungeon on Oct 28, 2021.
             The game lasted 00:04:59 (1542 turns).

muata the Insei (Demonspawn Transmuter)             Turns: 1542, Time: 00:05:00

Health: -3/26      AC:  2    Str: 11    XL:     3   Next: 41%
Magic:  5/6        EV: 12    Int: 14    God:
Gold:   51         SH:  0    Dex: 13    Spells: 6/7 levels left

rFire   . . .      SeeInvis .   b - +0 whip
rCold   . . .      Faith    .   (no shield)
rNeg    . . .      Spirit   .   a - +0 robe
rPois   .          Reflect  .   (helmet currently unavailable)
rElec   .          Harm     .   (no cloak)
rCorr   .          Rampage  .   (no gloves)
Will    .....                   (boots currently unavailable)
Stlth   +.........              (no amulet)
HPRegen 0.08/turn               (no ring)
MPRegen 0.10/turn               (no ring)

@: appendages
A: horns 2, talons 2, hooves 1, demonic guardian 1
a: End Transformation


You were on level 2 of the Dungeon.
You had temporarily grown beastly horns and talons.
You visited 1 branch of the dungeon, and saw 2 of its levels.

You collected 51 gold pieces.

Inventory:

Hand Weapons
 b - a +0 whip (weapon)
Armour
 a - a +0 robe (worn)
Scrolls
 c - a scroll of teleportation {unknown}
 d - a scroll of identify {unknown}
 g - a scroll of amnesia {unknown}
 h - a scroll of enchant weapon {unknown}
Potions
 e - a potion of brilliance {unknown}
 f - a potion of flight {unknown}


   Skills:
 - Level 1.0 Fighting
 + Level 2.4 Dodging
 - Level 2.6 Unarmed Combat
 + Level 2.6 Spellcasting
 + Level 2.4 Transmutations


You had 6 spell levels left.
You knew the following spells:

 Your Spells              Type           Power      Damage    Failure   Level
a - Beastly Appendage     Tmut           16%        N/A       9%          1

Your spell library contained the following spells:

 Spells                   Type           Power      Damage    Failure   Level
 Wereblood                Tmut           8%         N/A       12%         2
 Foxfire                  Conj/Fire      4%         2x1d4     22%         1
 Spider Form              Tmut/Pois      2%         N/A       38%         3
 Conjure Flame            Conj/Fire      1%         6-21      56%         3
 Inner Flame              Hex/Fire       1%         N/A       56%         3
 Ice Form                 Ice/Tmut       5%         N/A       80%         4
 Flame Wave               Conj/Fire      1%         3d3       92%         4


Dungeon Overview and Level Annotations

Branches:
Dungeon (2/15)

Altars:


Innate Abilities, Weirdness & Mutations

You have temporarily grown beastly horns and talons.
You have large cloven feet.
A weak demonic guardian rushes to your aid.


Message History

You see here a book of Flames.
Found 18 bolts.
The frilled lizard misses you.
You hit the frilled lizard.
You kill the frilled lizard!
You pick up a book of Flames and begin reading...
You add the spells Foxfire, Conjure Flame, Inner Flame and Flame Wave to your library.
Okay, then.
You start resting.
HP restored.
Things that are here:
a +0 club; 4 stones
Found a stone staircase leading down.
You now have 51 gold pieces (gained 8).
A bat and a worm come into view.
Found 7 gold pieces.
You hit the worm. Your kick misses the worm.
The worm is lightly wounded.
The bat misses you. The bat barely misses you.
You barely miss the worm.
The worm is lightly wounded.
The bat closely misses you. The bat completely misses you. The worm bites you.
The bat misses you.
Casting: Beastly Appendage (safe; 9% risk of failure)
Confirm with . or Enter, or press ? or * to list all spells.
You grow a pair of large bovine horns.
Your feet morph into talons.
The bat closely misses you. The bat hits you but does no damage.
The worm bites you.
You hit the worm.
The worm is lightly wounded.
The bat hits you but does no damage.
You hit the worm but do no damage.
The worm is lightly wounded.
The bat hits you.
A demonic guardian appears!
The worm bites you!
* * * LOW HITPOINT WARNING * * *
You hit the worm but do no damage. The bat hits you but does no damage. x2
The bat hits you.
* * * LOW HITPOINT WARNING * * *
The worm bites you!
You die...

##....# ...##.###
##......... ....>....
.........
......########.......
.......#.....#......
.....#.......#.....
......##.....# ...
.............# #w#
....†.<......###@#
.)...##.......##b#
.)...###.......5.#####
.....................#
.....###.>...###.....#
.....# #.....# #...?.#
....## ####### #.#####
...... ... ...##. ...


You could see a worm, a bat (ally target) and a friendly shadow imp (summoned).

Vanquished Creatures
  An adder (D:2)
  3 dart slugs (D:1)
  A ball python (D:1)
  2 endoplasms (D:1)
  3 giant cockroaches
  3 goblins
  2 hobgoblins (D:1)
  A quokka (D:1)
  2 bats
  6 frilled lizards
  4 kobolds
  3 rats (D:1)
31 creatures vanquished.

Notes
Turn   | Place    | Note
-------+----------+-------------------------------------------
     0 | D:1      | muata the Demonspawn Transmuter began the quest for the
                  | Orb.
     0 | D:1      | Reached XP level 1. HP: 15/15 MP: 3/3
   190 | D:1      | Lost mutation: You have razor-sharp toenails. [demonic
                  | ancestry]
   190 | D:1      | Lost mutation: You have sharp toenails. [demonic ancestry]
   190 | D:1      | Gained mutation: You have large cloven feet. [demonic
                  | ancestry]
   190 | D:1      | Reached XP level 2. HP: 18/21 MP: 3/5
  1029 | D:1      | Upgraded the game from 0.28-a0-697-g47f3eba078 to
                  | 0.28-a0-730-g892d06dc2c
  1049 | D:2      | Gained mutation: A weak demonic guardian rushes to your
                  | aid. [demonic ancestry]
  1049 | D:2      | Reached XP level 3. HP: 10/26 MP: 4/6
  1542 | D:2      | Slain by a worm

Illustrated notes

Levels and vault maps discovered:
D:1:      giann_bridges, layout_basic, minmay_misc_feat_room
D:2:      layout_rooms

Skill      XL: |  1 |
---------------+----+-----
Dodging        | 2 |  2.4
Transmutations | 2 |  2.4
Fighting       | |  1.0
Unarmed Combat | |  2.6
Spellcasting   | |  2.6

Action                   || total
-------------------------++-------
Melee: Whip              ||    76
       Kick              ||    13
       Unarmed           ||     3
       Headbutt          ||     9
 Cast: Beastly Appendage ||    18
 Stab: Sleeping          ||     1
Armor: Robe              ||    20
Dodge: Dodged            ||    59

Table legend: (Time is in decaauts)
 A = Elapsed time spent in this place.
 B = Non-inter-level travel time spent in this place.
 C = Inter-level travel time spent in this place.
 D = Time resting spent in this place.
 E = Time spent auto-exploring this place.
 F = Levels seen in this place.
 G = Mean time per level.
                   A        B        C        D        E       F      G
               +--------+--------+--------+--------+--------+-----+--------+
         Total |   1548 |   1535 |     13 |    469 |    766 |   2 |  774.0 |
       Dungeon |   1548 |   1535 |     13 |    469 |    766 |   2 |  774.0 |
               +--------+--------+--------+--------+--------+-----+--------+

Top non-repeatable levels by time:
     D:1: 1035 daAuts
     D:2: 513 daAuts
